Description

Terran Mech Build

Replay - A.I. 1 (Very Easy) v IvyRex - Catalyst LE

Build Order

Get SALT Encoding   

  12  0:02  SCV x2  
  14  0:19  Supply Depot  
  15  0:25  SCV  
  15  0:31  Refinery  
  15  0:36  SCV  
  16  0:48  Barracks  
  16  0:49  SCV x3  
  19  1:35  Barracks Reactor  
  19  1:36  Orbital Command  
  19  1:49  Command Center  
  19  2:00  Factory  
  19  2:07  Supply Depot  
  21  2:17  Marine x2  
  22  2:22  Refinery  
  26  2:38  Marine x2  
  27  2:48  Factory Tech Lab  
  27  2:51  Factory  
  29  2:59  Marine x2  
  30  3:07  Orbital Command  
  34  3:20  Siege Tank  
  35  3:31  Supply Depot  Move Barrack and Factory / 1 After Another Supply Depot
  41  3:44  Widow Mine x2  Keep building until Hellbats
  56  4:28  Command Center  
  56  4:33  Refinery x2  
  74  5:17  Factory  
  74  5:18  Starport  
  74  5:19  Barracks Reactor  
  80  5:34  Armory  
  80  5:35  Engineering Bay  
  82  5:45  Orbital Command  Swap Barracks and Starport
  93  6:06  Factory Tech Lab  
  101  6:20  Missile Turret x6  Move 3rd CC to Expansion / Move Up Army
  103  6:52  Liberator x2  Build 2 at a time
  103  6:57  Supply Depot x2  2 Supply at a Time
  106  7:04  Refinery x2  
  118  7:14  Terran Vehicle Weapons Level 1  
  134  7:49  Hellbat x2  No More Widow Mines
  134  7:50  Infernal Pre-Igniter  
  141  8:02  Command Center  CC's just for scans now
  141  8:07  Missile Turret x4  
  161  8:38  Thor x2  
  167  8:55  Command Center  
  177  9:15  Command Center  
  177  9:17  Orbital Command  
  177  9:21  Missile Turret x8  6 in Army / 2 in Mineral Line
  184  9:44  Drilling Claws  
  200  10:02  Action  
  200  10:22  Orbital Command  
  200  10:27  Factory x2  
  200  10:28  Starport  
Spawning Tool Build Advisor. Get it on Overwolf

Go to:

Details

  • Created by: wakeupthetrex
  • Published on: Jul 25, 2018
  • Modified on: Jul 30, 2018
  • Patch: 4.0.0
Show
View Real Time Build Order
Export as new Build Order

Comments (2)

On Aug. 16, 2018, 6:06 p.m., rodisme73  said:

@TRI99ER, really good

On Aug. 6, 2018, 6:06 p.m., TRI99ER  said:

How's this build?

Create an account to comment!